 Dungeon Crawl Stone Soup version 0.24-a0-106-gcea5463b43 (webtiles) character file.

Game seed: 12468642965608289451

137 Kaname the Conjurer (level 5, 30/35 HPs)
             Began as a Demonspawn Wizard on Feb 13, 2019.
             Quit the game on level 2 of the Dungeon.
             The game lasted 00:08:44 (2079 turns).

Kaname the Conjurer (Demonspawn Wizard)             Turns: 2079, Time: 00:08:44

Health: 30/35      AC:  3    Str:  7    XL:     5   Next: 0%
Magic:  9/9        EV: 12    Int: 20    God:
Gold:   43         SH:  0    Dex: 14    Spells: 4/10 levels left

rFire    . . .     SeeInvis .   m - +0 quarterstaff
rCold    . . .     Gourm    .   (shield currently unavailable)
rNeg     . . .     Faith    .   a - +0 robe
rPois    .         Spirit   +   b - +0 hat
rElec    .         Reflect  .   (no cloak)
rCorr    .         Harm     .   (no gloves)
MR       .....                  i - +0 pair of boots
Stlth    ++........             (no amulet)
HPRegen  0.11/turn              (no ring)
MPRegen  0.11/turn              (no ring)

@: mildly poisoned (30 -> 25)
A: thin skeletal structure 1, powered by pain 1, magic shield
a: no special abilities


You were on level 2 of the Dungeon.
You were hungry.

You visited 1 branch of the dungeon, and saw 2 of its levels.

You collected 43 gold pieces.

Inventory:

Hand Weapons
 f - a +0 dagger
 m - a +0 quarterstaff (weapon)
Armour
 a - a +0 robe (worn)
 b - a +0 hat (worn)
 i - a +0 pair of boots (worn)
Scrolls
 c - 4 scrolls of identify {unknown}
 h - 4 scrolls of magic mapping {unknown}
 j - 2 scrolls of enchant armour {unknown}
 o - a scroll of amnesia {unknown}
Potions
 e - a potion of flight {unknown}
 g - 3 potions of lignification
 k - 2 potions of ambrosia
 l - a potion of haste {unknown}
Comestibles
 d - 5 rations


   Skills:
 - Level 1.7 Dodging
 - Level 1.7 Stealth
 - Level 3.0 Spellcasting
 + Level 4.9 Conjurations
   Level 1.0 Summonings
 - Level 0.8 Translocations


You had 4 spell levels left.
You knew the following spells:

 Your Spells              Type           Power        Failure   Level  Hunger
a - Magic Dart            Conj           ###.         1%          1    None
b - Blink                 Tloc           N/A          16%         2    ##.....
c - Mephitic Cloud        Conj/Pois/Air  #.......     22%         3    ###....

Your spell library contained the following spells:

 Spells                   Type           Power        Failure   Level  Hunger
 Call Imp                 Summ           #.......     14%         2    ##.....
 Conjure Flame            Conj/Fire      ##......     16%         3    ###....
 Slow                     Hex            #.......     22%         2    ##.....


Dungeon Overview and Level Annotations

Branches:
Dungeon (2/15)

Altars:
Okawaru


Innate Abilities, Weirdness & Mutations

You have a somewhat thin skeletal structure. (Dex +2, Stealth)
You sometimes gain a little power by taking damage.
When hurt, damage is shared between your health and your magic reserves.


Message History

You're too confused to attack without stumbling around!
You bump into the rock wall.
You feel sick.
The quokka bites you but does no damage.
You thump the quokka!
You kill the quokka!
You feel sick.
The rat twitches its whiskers.
The rat barely misses you.
You bump into the rock wall.
You feel sick. The rat bites you.
You bump into the rock wall.
You feel less invigorated.
You feel less confused.
You feel sick. The rat bites you.
You barely miss the rat.
You feel sick. The rat completely misses you.
You hit the rat.
You kill the rat!
You have reached level 5!
Your demonic ancestry asserts itself...
You feel your magical essence form a protective shroud around your flesh.
You feel sick.
Are you sure you want to abandon this character and quit the game? (Confirm with "yes".)

....#..(<###....
....#..<.....÷..
....##...###....
.....#...## .#
...#.##..)# #......
..........###### #......
....###........##
#.†.... ....#
###.......####
####...... ##..#
##.#....@†.###
#.....†... ##.#
#...#.###...# #.........
#.#
###......##.###.r.......
###
#.......#...#.........
##.....####...........
#....................
#.....######.......$.
#.....# #.........
#.....# #.........


There were no monsters in sight!

Vanquished Creatures
  Robin (D:2)
  6 adders (D:2)
  An ooze (D:1)
  A worm (D:2)
  4 leopard geckos
  A bat (D:1)
  A giant cockroach (D:2)
  9 goblins
  11 hobgoblins
  7 jackals
  3 quokkas (D:2)
  A ball python (D:2)
  2 frilled lizards
  4 kobolds
  6 rats
58 creatures vanquished.

Notes
Turn   | Place    | Note
-------+----------+-------------------------------------------
     0 | D:1      | Kaname the Demonspawn Wizard began the quest for the Orb.
     0 | D:1      | Reached XP level 1. HP: 13/13 MP: 4/4
   250 | D:1      | Reached skill level 2 in Conjurations
   259 | D:1      | Gained mutation: You sometimes gain a little power by
                  | taking damage. [demonic ancestry]
   259 | D:1      | Reached XP level 2. HP: 19/19 MP: 3/6
   285 | D:1      | Learned a level 2 spell: Blink
   907 | D:1      | Reached skill level 3 in Conjurations
  1072 | D:2      | Reached XP level 3. HP: 24/24 MP: 7/7
  1372 | D:2      | Noticed Robin
  1404 | D:1      | Learned a level 3 spell: Mephitic Cloud
  1561 | D:2      | Gained mutation: You have a somewhat thin skeletal
                  | structure. (Dex +2, Stealth) [demonic ancestry]
  1561 | D:2      | Reached XP level 4. HP: 22/30 MP: 8/8
  1621 | D:2      | Reached skill level 4 in Conjurations
  1697 | D:2      | Killed Robin
  2039 | D:2      | Found an iron altar of Okawaru.
  2078 | D:2      | Gained mutation: When hurt, damage is shared between your
                  | health and your magic reserves. [demonic ancestry]
  2078 | D:2      | Reached XP level 5. HP: 31/35 MP: 9/9
  2079 | D:2      | Quit the game

Levels and vault maps discovered:
D:1:      shiori_arrival_oz, layout_loops_ring
D:2:      layout_rooms, first_ration, minmay_misc_feat_tiny, okawaru_trees_1,
          uniq_robin

Skill      XL: |  1  2  3  4 |
---------------+-------------+-----
Conjurations   | 2 3 4 |  4.9
Dodging        | |  1.7
Stealth        | |  1.7
Spellcasting   | |  3.0
Summonings     | |  1.0
Translocations | |  0.8

Action                   |  1- 3 |  4- 6 || total
-------------------------+-------+-------++-------
Melee: Unarmed           |    15 |       ||    15
       Dagger            |    17 |       ||    17
       Quarterstaff      |    14 |    24 ||    38
 Cast: Magic Dart        |    74 |    36 ||   110
       Blink             |     1 |       ||     1
  Use: Potion            |       |     2 ||     2
 Stab: Sleeping          |     1 |       ||     1
  Eat: Chunk             |     2 |     1 ||     3
Armor: Robe              |     9 |     8 ||    17
       Skin              |       |    25 ||    25
Dodge: Dodged            |    43 |    32 ||    75

Table legend:
 A = Non-vault XP
 B = Vault XP
 C = Vault XP percentage of total XP
 D = Non-vault monster count
 E = Vault monster count
 F = Vault count percentage of total count
                 A         B        C        D         E       F
            +---------+---------+-------+---------+---------+-------
      Total |     159 |      37 |  18.9 |      45 |      13 |  22.4
            +---------+---------+-------+---------+---------+-------
        D:1 |      39 |      14 |  26.4 |      18 |       7 |  28.0
        D:2 |     120 |      23 |  16.1 |      27 |       6 |  18.2
            +---------+---------+-------+---------+---------+-------
